Pick #1

Connor Bedard
Pick #2

Leo Carlsson
Pick #3

Adam Fantilli
Pick #4

Matvei Michkov
Pick #5

David Reinbacher
Pick #6

William Smith
Pick #7

Zachary Benson
Pick #8

Ryan Leonard
Pick #9

Gabriel Perreault
Pick #10

Axel Sandin-Pellika
Pick #11

Daniil But
Pick #12

Dalibor Dvorsky
Pick #13

Quentin Musty
Pick #14

Brayden Yager
Pick #15

Dmitry Simashev
Pick #16

Colby Barlow
Pick #17

Andrew Cristall
Pick #18

Easton Cowan
Pick #19

Jacob Fowler
Pick #20

Oliver Moore
Pick #21

Oliver Bonk
Pick #22

Tom Willander
Pick #23

Calum Ritchie
Pick #24

Tanner Molendyk
Pick #25

Gavin Brindley
Pick #26

Nate Danielson
Pick #27

Pick #28

Pick #29

Pick #30

Pick #31

Pick #32

Pick #33

Pick #34

Pick #35

Pick #36

Pick #37

Pick #38

Pick #39

Pick #40

Pick #41

Pick #42

Pick #43

Pick #44

Pick #45

Pick #46

Pick #47

Pick #48

Pick #49

Pick #50

Pick #51

Pick #52

Pick #53

Pick #54

Pick #55

Pick #56

Pick #57

Pick #58

Pick #59

Pick #60

Pick #61

Pick #62

Pick #63

Pick #64

Pick #65

Pick #66

Pick #67

Pick #68

Pick #69

Pick #70

Pick #71

Pick #72

Pick #73

Pick #74

Pick #75

Pick #76

Pick #77

Pick #78

Pick #79

Pick #80

Pick #81

Pick #82

Pick #83

Pick #84

Pick #85

Pick #86

Pick #87

Pick #88

Pick #89

Pick #90

Pick #91

Pick #92

Pick #93

Pick #94

Pick #95

Pick #96

Pick #97

Pick #98

Pick #99

Pick #100

Pick #101

Pick #102

Pick #103

Pick #104

Pick #105

Pick #106

Pick #107

Pick #108

Pick #109

Pick #110

Pick #111

Pick #112

Pick #113

Pick #114

Pick #115

Pick #116

Pick #117

Pick #118

Pick #119

Pick #120

Pick #121

Pick #122

Pick #123

Pick #124

Pick #125

Pick #126

Pick #127

Pick #128

Pick #129

Pick #130

Full Scoreboard »»

BlackHawks vs Kings

Created - December 22, 2023 at 09:33

Goals
1 2 3 T
BlackHawks 3 1 0 4
Kings 1 1 0 2
Shots
1 2 3 T
BlackHawks 15 14 7 36
Kings 5 6 15 26

GoalsPenalties
1st period
1. Kings , Jeff Carter 2 (Evander Kane 12, Mark Giordano 8) at 0:14
2. BlackHawks , Ivan Barbashev 14 (Max Domi 9) at 5:39
3. BlackHawks , Jaden Schwartz 5 (Andrei Kuzmenko 10, Justin Braun 7) at 6:07
4. BlackHawks , Ivan Barbashev 15 (Braden Schneider 11, Marc-Edouard Vlasic 10) at 9:41 (PP)
Mark Giordano (LOS) for Roughing (Minor) at 2:52
Joel Edmundson (LOS) for Holding (Minor) at 9:33
Rasmus Ristolainen (LOS) for Hooking (Minor) at 12:18
2nd period
5. Kings , Derek Ryan 3 (Jonas Brodin 15, Rasmus Ristolainen 6) at 7:22
6. BlackHawks , Kirill Kaprizov 13 (Braden Schneider 12, Jordan Martinook 4) at 15:52 (PP)
Mattias Ekholm (LOS) for Hooking (Minor) at 14:47
3rd period
No Goal
No Penalty
Goalie Stats
Marc-Andre Fleury (CHI), 24 saves from 26 shots - (0.923), W, 12-11-4, 60:00 minutes
John Gibson (LOS), 32 saves from 36 shots - (0.889), L, 7-8-0, 60:00 minutes
3 StarsOfficial
1 - Ivan Barbashev (CHI)
2 - Kirill Kaprizov (CHI)
3 - Jaden Schwartz (CHI)
Referees : Michael Markovic and Shaun Davis
Linesman : Libor Suchanek and Steven Berry
Game Note
No Game Note
Finance
Level 1 -- Attendance: 6014 (92.52%) -- Ticket Income $571,330
Level 2 -- Attendance: 5000 (100.00%) -- Ticket Income $375,000
Level 3 -- Attendance: 3380 (96.57%) -- Ticket Income $185,900
Level 4 -- Attendance: 2118 (100.00%) -- Ticket Income $84,720
Luxury Box -- Attendance: 917 (91.70%) -- Ticket Income $206,325
Game was played at the Staples Center.
Total Attendance: 17429 (96.20%)
Total Ticket Income: $1,423,275
Other Income: $355,819
Total Income: $1,779,094



Team Name Goals Shots Shots Attemp Shots Blocked PIM HIT PP PK FO%
BlackHawks 4365970282 / 4 (50%)038%
Kings 2264988230 / 0 (0.00%263%

BlackHawks
Player Name POS G A P +/- PIM HIT SHT SB MP PP MP PP SHT PK MP PK SHT FO% FOT
Anders LeeLW000-2021117:340:0000:0000% 0
Andrei KuzmenkoLW0111002014:023:1600:00050% 2
Braden SchneiderD022-2030321:112:0000:0000% 0
Derek ForbortD0001030024:223:1100:0000% 0
Ivan BarbashevC2021037023:543:1620:00039% 38
Jaden SchwartzC1011034012:411:5520:00053% 17
Jordan MartinookLW0111023018:321:5500:00063% 8
Justin BraunD0111011014:270:0000:0000% 0
Kirill KaprizovLW10110412022:331:5510:0000% 0
Marc-Edouard VlasicD011-2000121:112:0000:0000% 0
Max DomiC0111002020:380:0000:000100% 1
Nick LeddyD0001001124:223:1110:0000% 0
Nick RitchieLW000000105:510:0000:00014% 7
Ryan DonatoC000000000:000:0000:0000% 0
Sonny MilanoLW000-2000020:503:1600:00023% 30
Ty DellandreaC000-2021017:340:0000:0000% 1
Tyler SeguinC000000105:510:0000:0000% 0
Zach BogosianD0001050114:270:0000:0000% 0
Kings
Player Name POS G A P +/- PIM HIT SHT SB MP PP MP PP SHT PK MP PK SHT FO% FOT
Brandon SaadLW000-1002021:300:0000:0000% 1
Cole SillingerC000-1011010:510:0000:0000% 0
Conor ShearyLW000-1001011:560:0001:05050% 2
David SavardD000-1000215:120:0002:2800% 0
Derek RyanC101100107:280:0001:48079% 14
Evander KaneLW0111030116:480:0000:0000% 1
Jeff CarterC1011006016:480:0000:00071% 21
Joel EdmundsonD000-1230115:330:0002:5000% 0
Jonas BrodinD0110000227:200:0003:0400% 0
Kirill MarchenkoRW0001011016:480:0000:000100% 2
Mark GiordanoD0111202117:480:0000:0000% 0
Matt DucheneC000-1012021:300:0000:00052% 31
Mattias EkholmD0001222117:480:0000:0000% 0
Nic DowdC000-1024014:140:0003:23062% 29
Rasmus RistolainenD0110270026:150:0002:0000% 0
Timothy LiljegrenD000101005:400:0000:0000% 0
Tyler MotteC000101109:460:0004:0600% 0
Vladimir TarasenkoRW000-1013021:300:0000:00067% 3



Play-by-Play

1st period


0:01 of 1st period - Vladimir Tarasenko wins face-off versus Ivan Barbashev in neutral zone.
0:03 of 1st period - Off-side.
0:04 of 1st period - Jeff Carter wins face-off versus Sonny Milano in neutral zone.
0:12 of 1st period - Shot by Jeff Carter.
0:12 of 1st period - Shot Blocked by Braden Schneider.
0:14 of 1st period - Shot by Evander Kane.
0:14 of 1st period - Deflect By Jeff Carter.
0:14 of 1st period - Goal by Jeff Carter - BlackHawks : 0 - Kings : 1.
0:15 of 1st period - Nic Dowd wins face-off versus Jaden Schwartz in neutral zone.
0:26 of 1st period - Shot by Andrei Kuzmenko.
0:26 of 1st period - Shot Misses the Net.
0:28 of 1st period - Shot by Jordan Martinook.
0:28 of 1st period - Stopped by John Gibson with a rebound.
0:30 of 1st period - Shot by Zach Bogosian.
0:30 of 1st period - Shot Blocked by David Savard.
0:38 of 1st period - Shot by Andrei Kuzmenko.
0:38 of 1st period - Stopped by John Gibson without a rebound.
0:39 of 1st period - Ivan Barbashev wins face-off versus Vladimir Tarasenko in Kings zone.
0:53 of 1st period - Off-side.
0:54 of 1st period - Derek Ryan wins face-off versus Nick Ritchie in neutral zone.
2:10 of 1st period - Shot by Vladimir Tarasenko.
2:10 of 1st period - Stopped by Marc-Andre Fleury with a rebound.
2:23 of 1st period - Icing by Marc-Edouard Vlasic.
2:24 of 1st period - Nick Ritchie wins face-off versus Jeff Carter in BlackHawks zone.
2:24 of 1st period - Nick Ritchie is hit by Evander Kane.
2:48 of 1st period - Shot by Nick Leddy.
2:48 of 1st period - Shot Misses the Net.
2:50 of 1st period - Shot by Kirill Kaprizov.
2:50 of 1st period - Stopped by John Gibson without a rebound.
2:51 of 1st period - Sonny Milano wins face-off versus Nic Dowd in Kings zone.
2:51 of 1st period - Sonny Milano is hit by Mattias Ekholm.
2:52 of 1st period - Minor Penalty to Mark Giordano for Roughing.
2:53 of 1st period - Ivan Barbashev wins face-off versus Nic Dowd in Kings zone.
2:53 of 1st period - Ivan Barbashev is hit by Rasmus Ristolainen.
3:18 of 1st period - Icing by Derek Forbort.
3:19 of 1st period - Nic Dowd wins face-off versus Ivan Barbashev in BlackHawks zone.
3:25 of 1st period - Off-side.
3:26 of 1st period - Nic Dowd wins face-off versus Jordan Martinook in neutral zone.
5:03 of 1st period - Kirill Marchenko is hit by Anders Lee and loses puck.
5:29 of 1st period - Shot by Jeff Carter.
5:29 of 1st period - Deflect By Evander Kane.
5:29 of 1st period - Shot Misses the Net.
5:31 of 1st period - Shot by Mark Giordano.
5:31 of 1st period - Stopped by Marc-Andre Fleury without a rebound.
5:32 of 1st period - Ivan Barbashev wins face-off versus Matt Duchene in BlackHawks zone.
5:37 of 1st period - Shot by Max Domi.
5:37 of 1st period - Stopped by John Gibson with a rebound.
5:39 of 1st period - Shot by Ivan Barbashev.
5:39 of 1st period - Goal by Ivan Barbashev - BlackHawks : 1 - Kings : 1.
5:40 of 1st period - Ivan Barbashev wins face-off versus Matt Duchene in neutral zone.
5:55 of 1st period - Shot by Kirill Kaprizov.
5:55 of 1st period - Deflect By Ivan Barbashev.
5:55 of 1st period - Stopped by John Gibson without a rebound.
5:56 of 1st period - Jaden Schwartz wins face-off versus Nic Dowd in Kings zone.
5:58 of 1st period - Jordan Martinook is hit by Joel Edmundson and loses puck.
6:05 of 1st period - Shot by Jaden Schwartz.
6:05 of 1st period - Deflect By Andrei Kuzmenko.
6:05 of 1st period - Shot Misses the Net.
6:07 of 1st period - Shot by Jaden Schwartz.
6:07 of 1st period - Goal by Jaden Schwartz - BlackHawks : 2 - Kings : 1.
6:08 of 1st period - Matt Duchene wins face-off versus Ivan Barbashev in neutral zone.
6:20 of 1st period - Shot by Vladimir Tarasenko.
6:20 of 1st period - Shot Blocked by Nick Leddy.
6:33 of 1st period - Icing by Nick Leddy.
6:34 of 1st period - Ivan Barbashev wins face-off versus Jeff Carter in BlackHawks zone.
6:53 of 1st period - Shot by Ivan Barbashev.
6:53 of 1st period - Shot Blocked by Mark Giordano.
7:34 of 1st period - Icing by Mattias Ekholm.
7:35 of 1st period - Jeff Carter wins face-off versus Sonny Milano in Kings zone.
7:44 of 1st period - Braden Schneider is hit by Kirill Marchenko and loses puck.
8:12 of 1st period - Icing by Ty Dellandrea.
8:13 of 1st period - Sonny Milano wins face-off versus Matt Duchene in BlackHawks zone.
8:51 of 1st period - Shot by Jaden Schwartz.
8:51 of 1st period - Shot Blocked by Jonas Brodin.
9:06 of 1st period - Shot by Jaden Schwartz.
9:06 of 1st period - Stopped by John Gibson without a rebound.
9:07 of 1st period - Nic Dowd wins face-off versus Ivan Barbashev in Kings zone.
9:18 of 1st period - Shot by Nic Dowd.
9:18 of 1st period - Stopped by Marc-Andre Fleury with a rebound.
9:33 of 1st period - Minor Penalty to Joel Edmundson for Holding.
9:34 of 1st period - Andrei Kuzmenko wins face-off versus Nic Dowd in Kings zone.
9:41 of 1st period - Shot by Ivan Barbashev.
9:41 of 1st period - Goal by Ivan Barbashev - BlackHawks : 3 - Kings : 1.
9:42 of 1st period - Derek Ryan wins face-off versus Jaden Schwartz in neutral zone.
9:44 of 1st period - Off-side.
9:45 of 1st period - Matt Duchene wins face-off versus Sonny Milano in neutral zone.
10:29 of 1st period - Sonny Milano is hit by Joel Edmundson and loses puck.
10:44 of 1st period - Shot by Kirill Kaprizov.
10:44 of 1st period - Stopped by John Gibson with a rebound.
10:54 of 1st period - Shot by Max Domi.
10:54 of 1st period - Deflect By Kirill Kaprizov.
10:54 of 1st period - Stopped by John Gibson without a rebound.
10:55 of 1st period - Jaden Schwartz wins face-off versus Nic Dowd in Kings zone.
11:36 of 1st period - Shot by Nic Dowd.
11:36 of 1st period - Shot Blocked by Zach Bogosian.
11:56 of 1st period - Kirill Kaprizov is hit by Rasmus Ristolainen and loses puck.
12:07 of 1st period - Shot by Kirill Kaprizov.
12:07 of 1st period - Shot Misses the Net.
12:15 of 1st period - Shot by Kirill Kaprizov.
12:15 of 1st period - Shot Misses the Net.
12:17 of 1st period - Shot by Ivan Barbashev.
12:17 of 1st period - Shot Blocked by Jonas Brodin.
12:18 of 1st period - Minor Penalty to Rasmus Ristolainen for Hooking.
12:19 of 1st period - Derek Ryan wins face-off versus Ivan Barbashev in Kings zone.
12:41 of 1st period - Icing by Nick Leddy.
12:42 of 1st period - Derek Ryan wins face-off versus Ivan Barbashev in BlackHawks zone.
12:55 of 1st period - Shot by Andrei Kuzmenko.
12:55 of 1st period - Shot Misses the Net.
12:57 of 1st period - Shot by Sonny Milano.
12:57 of 1st period - Shot Blocked by David Savard.
12:59 of 1st period - Shot by Ivan Barbashev.
12:59 of 1st period - Shot Blocked by Joel Edmundson.
13:01 of 1st period - Shot by Ivan Barbashev.
13:01 of 1st period - Stopped by John Gibson without a rebound.
13:02 of 1st period - Nic Dowd wins face-off versus Jordan Martinook in Kings zone.
13:19 of 1st period - Icing by Kirill Kaprizov.
13:20 of 1st period - Jordan Martinook wins face-off versus Nic Dowd in BlackHawks zone.
13:26 of 1st period - Off-side.
13:27 of 1st period - Derek Ryan wins face-off versus Jordan Martinook in neutral zone.
13:29 of 1st period - Off-side.
13:30 of 1st period - Jordan Martinook wins face-off versus Derek Ryan in neutral zone.
13:51 of 1st period - Shot by Jaden Schwartz.
13:51 of 1st period - Stopped by John Gibson without a rebound.
13:52 of 1st period - Nic Dowd wins face-off versus Ivan Barbashev in Kings zone.
13:52 of 1st period - Nic Dowd is hit by Ivan Barbashev.
13:59 of 1st period - Icing by Braden Schneider.
14:00 of 1st period - Ivan Barbashev wins face-off versus Nic Dowd in BlackHawks zone.
14:00 of 1st period - Ivan Barbashev is hit by Tyler Motte.
14:54 of 1st period - Shot by Nick Ritchie.
14:54 of 1st period - Stopped by John Gibson without a rebound.
14:55 of 1st period - Jeff Carter wins face-off versus Ivan Barbashev in Kings zone.
15:30 of 1st period - Shot by Ivan Barbashev.
15:30 of 1st period - Shot Misses the Net.
16:10 of 1st period - Tyler Motte is hit by Ivan Barbashev and loses puck.
16:23 of 1st period - Shot by Tyler Motte.
16:23 of 1st period - Stopped by Marc-Andre Fleury without a rebound.
16:24 of 1st period - Sonny Milano wins face-off versus Matt Duchene in BlackHawks zone.
17:30 of 1st period - Off-side.
17:31 of 1st period - Jordan Martinook wins face-off versus Evander Kane in neutral zone.
17:56 of 1st period - Evander Kane is hit by Zach Bogosian and loses puck.
18:37 of 1st period - Off-side.
18:38 of 1st period - Derek Ryan wins face-off versus Sonny Milano in neutral zone.
18:41 of 1st period - Shot by Tyler Motte.
18:41 of 1st period - Shot Misses the Net.
18:54 of 1st period - Icing by Marc-Edouard Vlasic.
18:55 of 1st period - Sonny Milano wins face-off versus Matt Duchene in BlackHawks zone.
19:05 of 1st period - Shot by Ty Dellandrea.
19:05 of 1st period - Stopped by John Gibson without a rebound.
19:06 of 1st period - Jeff Carter wins face-off versus Ivan Barbashev in Kings zone.
Goals for this period are 3 for BlackHawks vs 1 for Kings.
Shots for this period are 15 for BlackHawks vs 5 for Kings.

2nd period


0:01 of 2nd period - Max Domi wins face-off versus Matt Duchene in neutral zone.
0:18 of 2nd period - Shot by Kirill Kaprizov.
0:18 of 2nd period - Stopped by John Gibson without a rebound.
0:19 of 2nd period - Nic Dowd wins face-off versus Sonny Milano in Kings zone.
0:29 of 2nd period - Mark Giordano is hit by Braden Schneider and loses puck.
0:39 of 2nd period - Icing by Marc-Edouard Vlasic.
0:40 of 2nd period - Sonny Milano wins face-off versus Matt Duchene in BlackHawks zone.
0:45 of 2nd period - Jonas Brodin is hit by Ty Dellandrea and loses puck.
1:33 of 2nd period - Icing by Sonny Milano.
1:34 of 2nd period - Nic Dowd wins face-off versus Sonny Milano in BlackHawks zone.
2:02 of 2nd period - Icing by Derek Forbort.
2:03 of 2nd period - Kirill Marchenko wins face-off versus Ivan Barbashev in BlackHawks zone.
2:16 of 2nd period - Shot by Evander Kane.
2:16 of 2nd period - Shot Misses the Net.
2:18 of 2nd period - Shot by Jeff Carter.
2:18 of 2nd period - Shot Misses the Net.
2:20 of 2nd period - Shot by Joel Edmundson.
2:20 of 2nd period - Shot Misses the Net.
2:22 of 2nd period - Shot by Joel Edmundson.
2:22 of 2nd period - Shot Misses the Net.
2:24 of 2nd period - Shot by Evander Kane.
2:24 of 2nd period - Shot Misses the Net.
2:32 of 2nd period - Shot by Jeff Carter.
2:32 of 2nd period - Stopped by Marc-Andre Fleury without a rebound.
2:33 of 2nd period - Matt Duchene wins face-off versus Andrei Kuzmenko in BlackHawks zone.
2:43 of 2nd period - Jaden Schwartz is hit by Rasmus Ristolainen and loses puck.
3:00 of 2nd period - Jaden Schwartz is hit by Rasmus Ristolainen and loses puck.
3:21 of 2nd period - Icing by Vladimir Tarasenko.
3:22 of 2nd period - Matt Duchene wins face-off versus Ivan Barbashev in Kings zone.
3:22 of 2nd period - Matt Duchene is hit by Kirill Kaprizov.
3:55 of 2nd period - Kirill Kaprizov is hit by Rasmus Ristolainen and loses puck.
4:06 of 2nd period - Shot by Kirill Kaprizov.
4:06 of 2nd period - Stopped by John Gibson without a rebound.
4:07 of 2nd period - Jeff Carter wins face-off versus Sonny Milano in Kings zone.
4:07 of 2nd period - Jeff Carter is hit by Anders Lee.
5:07 of 2nd period - Shot by Jaden Schwartz.
5:07 of 2nd period - Shot Blocked by Mattias Ekholm.
5:35 of 2nd period - David Savard is hit by Jordan Martinook and loses puck.
6:10 of 2nd period - Shot by Kirill Kaprizov.
6:10 of 2nd period - Stopped by John Gibson with a rebound.
6:25 of 2nd period - Max Domi is hit by Nic Dowd and loses puck.
6:46 of 2nd period - Icing by Rasmus Ristolainen.
6:47 of 2nd period - Derek Ryan wins face-off versus Sonny Milano in Kings zone.
7:04 of 2nd period - Shot by Anders Lee.
7:04 of 2nd period - Shot Misses the Net.
7:22 of 2nd period - Shot by Derek Ryan.
7:22 of 2nd period - Goal by Derek Ryan - BlackHawks : 3 - Kings : 2.
7:23 of 2nd period - Jaden Schwartz wins face-off versus Matt Duchene in neutral zone.
7:38 of 2nd period - Shot by Mark Giordano.
7:38 of 2nd period - Stopped by Marc-Andre Fleury with a rebound.
7:40 of 2nd period - Shot by Mattias Ekholm.
7:40 of 2nd period - Stopped by Marc-Andre Fleury without a rebound.
7:41 of 2nd period - Jeff Carter wins face-off versus Nick Ritchie in BlackHawks zone.
8:08 of 2nd period - Shot by Tyler Seguin.
8:08 of 2nd period - Shot Misses the Net.
8:16 of 2nd period - Shot by Tyler Seguin.
8:16 of 2nd period - Stopped by John Gibson with a rebound.
8:18 of 2nd period - Shot by Jordan Martinook.
8:18 of 2nd period - Stopped by John Gibson without a rebound.
8:19 of 2nd period - Matt Duchene wins face-off versus Ivan Barbashev in Kings zone.
8:40 of 2nd period - Shot by Kirill Kaprizov.
8:40 of 2nd period - Shot Misses the Net.
8:47 of 2nd period - Icing by Vladimir Tarasenko.
8:48 of 2nd period - Matt Duchene wins face-off versus Ty Dellandrea in Kings zone.
9:29 of 2nd period - Icing by Jonas Brodin.
9:30 of 2nd period - Ivan Barbashev wins face-off versus Brandon Saad in Kings zone.
9:31 of 2nd period - Shot by Max Domi.
9:31 of 2nd period - Stopped by John Gibson without a rebound.
9:32 of 2nd period - Jeff Carter wins face-off versus Ivan Barbashev in Kings zone.
9:34 of 2nd period - Icing by Mark Giordano.
9:35 of 2nd period - Ivan Barbashev wins face-off versus Jeff Carter in Kings zone.
9:41 of 2nd period - Off-side.
9:42 of 2nd period - Nic Dowd wins face-off versus Ivan Barbashev in neutral zone.
9:45 of 2nd period - Max Domi is hit by Nic Dowd and loses puck.
10:26 of 2nd period - Icing by Derek Forbort.
10:27 of 2nd period - Ivan Barbashev wins face-off versus Matt Duchene in BlackHawks zone.
10:37 of 2nd period - Derek Forbort is hit by Matt Duchene.
10:58 of 2nd period - Andrei Kuzmenko is hit by Vladimir Tarasenko and loses puck.
11:02 of 2nd period - Andrei Kuzmenko is hit by Rasmus Ristolainen and loses puck.
11:15 of 2nd period - Shot by Jaden Schwartz.
11:15 of 2nd period - Deflect By Jordan Martinook.
11:15 of 2nd period - Stopped by John Gibson without a rebound.
11:16 of 2nd period - Jeff Carter wins face-off versus Sonny Milano in Kings zone.
11:56 of 2nd period - Icing by Marc-Edouard Vlasic.
11:57 of 2nd period - Conor Sheary wins face-off versus Sonny Milano in BlackHawks zone.
13:06 of 2nd period - Shot by Kirill Kaprizov.
13:06 of 2nd period - Stopped by John Gibson with a rebound.
13:28 of 2nd period - Icing by Jonas Brodin.
13:29 of 2nd period - Jaden Schwartz wins face-off versus Matt Duchene in Kings zone.
13:34 of 2nd period - Shot by Andrei Kuzmenko.
13:34 of 2nd period - Stopped by John Gibson without a rebound.
13:35 of 2nd period - Jaden Schwartz wins face-off versus Jeff Carter in Kings zone.
13:48 of 2nd period - Shot by Jeff Carter.
13:48 of 2nd period - Stopped by Marc-Andre Fleury without a rebound.
13:49 of 2nd period - Derek Ryan wins face-off versus Nick Ritchie in BlackHawks zone.
13:58 of 2nd period - Icing by Rasmus Ristolainen.
13:59 of 2nd period - Ivan Barbashev wins face-off versus Derek Ryan in Kings zone.
14:14 of 2nd period - Shot by Kirill Kaprizov.
14:14 of 2nd period - Stopped by John Gibson without a rebound.
14:15 of 2nd period - Jaden Schwartz wins face-off versus Matt Duchene in Kings zone.
14:37 of 2nd period - Jaden Schwartz is hit by Mattias Ekholm and loses puck.
14:47 of 2nd period - Minor Penalty to Mattias Ekholm for Hooking.
14:48 of 2nd period - Nic Dowd wins face-off versus Ivan Barbashev in Kings zone.
14:54 of 2nd period - Icing by Ivan Barbashev.
14:55 of 2nd period - Nic Dowd wins face-off versus Ivan Barbashev in BlackHawks zone.
15:02 of 2nd period - Icing by Ivan Barbashev.
15:03 of 2nd period - Nic Dowd wins face-off versus Ivan Barbashev in BlackHawks zone.
15:32 of 2nd period - Shot by Nick Leddy.
15:32 of 2nd period - Stopped by John Gibson without a rebound.
15:33 of 2nd period - Jordan Martinook wins face-off versus Nic Dowd in Kings zone.
15:36 of 2nd period - Shot by Jaden Schwartz.
15:36 of 2nd period - Stopped by John Gibson without a rebound.
15:37 of 2nd period - Jordan Martinook wins face-off versus Nic Dowd in Kings zone.
15:52 of 2nd period - Shot by Kirill Kaprizov.
15:52 of 2nd period - Goal by Kirill Kaprizov - BlackHawks : 4 - Kings : 2.
15:53 of 2nd period - Matt Duchene wins face-off versus Sonny Milano in neutral zone.
16:00 of 2nd period - Shot by Brandon Saad.
16:00 of 2nd period - Stopped by Marc-Andre Fleury with a rebound.
16:02 of 2nd period - Shot by Mark Giordano.
16:02 of 2nd period - Shot Misses the Net.
16:04 of 2nd period - Shot by Matt Duchene.
16:04 of 2nd period - Shot Misses the Net.
16:13 of 2nd period - Icing by Nick Leddy.
16:14 of 2nd period - Jeff Carter wins face-off versus Sonny Milano in BlackHawks zone.
16:58 of 2nd period - Icing by Anders Lee.
16:59 of 2nd period - Matt Duchene wins face-off versus Sonny Milano in BlackHawks zone.
17:10 of 2nd period - Icing by Mattias Ekholm.
17:11 of 2nd period - Ivan Barbashev wins face-off versus Matt Duchene in Kings zone.
17:24 of 2nd period - Shot by Max Domi.
17:24 of 2nd period - Deflect By Kirill Kaprizov.
17:24 of 2nd period - Shot Misses the Net.
17:26 of 2nd period - Shot by Kirill Kaprizov.
17:26 of 2nd period - Deflect By Ivan Barbashev.
17:26 of 2nd period - Stopped by John Gibson without a rebound.
17:27 of 2nd period - Jaden Schwartz wins face-off versus Conor Sheary in Kings zone.
18:22 of 2nd period - Conor Sheary is hit by Kirill Kaprizov and loses puck.
18:33 of 2nd period - Conor Sheary is hit by Justin Braun and loses puck.
18:57 of 2nd period - Vladimir Tarasenko is hit by Zach Bogosian and loses puck.
19:07 of 2nd period - Matt Duchene is hit by Zach Bogosian and loses puck.
Goals for this period are 1 for BlackHawks vs 1 for Kings.
Shots for this period are 14 for BlackHawks vs 6 for Kings.

3rd period


0:01 of 3rd period - Ivan Barbashev wins face-off versus Jeff Carter in neutral zone.
0:53 of 3rd period - Off-side.
0:54 of 3rd period - Matt Duchene wins face-off versus Jaden Schwartz in neutral zone.
2:01 of 3rd period - Icing by Braden Schneider.
2:02 of 3rd period - Jeff Carter wins face-off versus Jaden Schwartz in BlackHawks zone.
2:02 of 3rd period - Jonas Brodin is hit by Braden Schneider and loses puck.
2:21 of 3rd period - Shot by Jeff Carter.
2:21 of 3rd period - Stopped by Marc-Andre Fleury without a rebound.
2:22 of 3rd period - Derek Ryan wins face-off versus Ivan Barbashev in BlackHawks zone.
2:26 of 3rd period - Timothy Liljegren is hit by Derek Forbort and loses puck.
2:43 of 3rd period - Shot by Ivan Barbashev.
2:43 of 3rd period - Shot Misses the Net.
3:37 of 3rd period - Shot by Jeff Carter.
3:37 of 3rd period - Stopped by Marc-Andre Fleury without a rebound.
3:38 of 3rd period - Vladimir Tarasenko wins face-off versus Nick Ritchie in BlackHawks zone.
4:08 of 3rd period - Icing by Marc-Edouard Vlasic.
4:09 of 3rd period - Jeff Carter wins face-off versus Nick Ritchie in BlackHawks zone.
4:12 of 3rd period - Shot by Evander Kane.
4:12 of 3rd period - Shot Blocked by Braden Schneider.
4:33 of 3rd period - Evander Kane is hit by Derek Forbort and loses puck.
4:50 of 3rd period - Shot by Kirill Marchenko.
4:50 of 3rd period - Stopped by Marc-Andre Fleury without a rebound.
4:51 of 3rd period - Matt Duchene wins face-off versus Sonny Milano in BlackHawks zone.
4:56 of 3rd period - Shot by Brandon Saad.
4:56 of 3rd period - Stopped by Marc-Andre Fleury without a rebound.
4:57 of 3rd period - Matt Duchene wins face-off versus Sonny Milano in BlackHawks zone.
5:13 of 3rd period - Icing by Mattias Ekholm.
5:14 of 3rd period - Matt Duchene wins face-off versus Ivan Barbashev in Kings zone.
5:14 of 3rd period - Matt Duchene is hit by Kirill Kaprizov.
5:30 of 3rd period - Shot by Ivan Barbashev.
5:30 of 3rd period - Stopped by John Gibson without a rebound.
5:31 of 3rd period - Jeff Carter wins face-off versus Sonny Milano in Kings zone.
5:35 of 3rd period - Rasmus Ristolainen is hit by Derek Forbort and loses puck.
5:55 of 3rd period - Icing by Jonas Brodin.
5:56 of 3rd period - Jeff Carter wins face-off versus Ivan Barbashev in Kings zone.
5:56 of 3rd period - Jeff Carter is hit by Ivan Barbashev.
6:02 of 3rd period - Ivan Barbashev is hit by Evander Kane and loses puck.
6:12 of 3rd period - Jeff Carter is hit by Zach Bogosian and loses puck.
6:22 of 3rd period - Evander Kane is hit by Zach Bogosian and loses puck.
6:32 of 3rd period - Icing by Zach Bogosian.
6:33 of 3rd period - Ivan Barbashev wins face-off versus Matt Duchene in BlackHawks zone.
7:05 of 3rd period - Shot by Vladimir Tarasenko.
7:05 of 3rd period - Deflect By Matt Duchene.
7:05 of 3rd period - Stopped by Marc-Andre Fleury with a rebound.
7:07 of 3rd period - Shot by Matt Duchene.
7:07 of 3rd period - Shot Misses the Net.
7:09 of 3rd period - Shot by Brandon Saad.
7:09 of 3rd period - Deflect By Matt Duchene.
7:09 of 3rd period - Stopped by Marc-Andre Fleury without a rebound.
7:10 of 3rd period - Nic Dowd wins face-off versus Sonny Milano in BlackHawks zone.
7:15 of 3rd period - Shot by Nic Dowd.
7:15 of 3rd period - Deflect By Conor Sheary.
7:15 of 3rd period - Stopped by Marc-Andre Fleury without a rebound.
7:16 of 3rd period - Sonny Milano wins face-off versus Nic Dowd in BlackHawks zone.
7:25 of 3rd period - Shot by Nic Dowd.
7:25 of 3rd period - Stopped by Marc-Andre Fleury without a rebound.
7:26 of 3rd period - Jaden Schwartz wins face-off versus Jeff Carter in BlackHawks zone.
7:46 of 3rd period - Icing by Jonas Brodin.
7:47 of 3rd period - Kirill Marchenko wins face-off versus Sonny Milano in Kings zone.
9:13 of 3rd period - Shot by Kirill Kaprizov.
9:13 of 3rd period - Stopped by John Gibson without a rebound.
9:14 of 3rd period - Nic Dowd wins face-off versus Jaden Schwartz in Kings zone.
9:14 of 3rd period - Nic Dowd is hit by Jaden Schwartz.
9:23 of 3rd period - Icing by Zach Bogosian.
9:24 of 3rd period - Jaden Schwartz wins face-off versus Matt Duchene in BlackHawks zone.
9:39 of 3rd period - Shot by Jaden Schwartz.
9:39 of 3rd period - Shot Misses the Net.
9:41 of 3rd period - Shot by Jordan Martinook.
9:41 of 3rd period - Deflect By Andrei Kuzmenko.
9:41 of 3rd period - Shot Misses the Net.
10:22 of 3rd period - Shot by Kirill Kaprizov.
10:22 of 3rd period - Stopped by John Gibson without a rebound.
10:23 of 3rd period - Nic Dowd wins face-off versus Sonny Milano in Kings zone.
10:23 of 3rd period - Conor Sheary is hit by Ty Dellandrea and loses puck.
10:36 of 3rd period - Shot by Cole Sillinger.
10:36 of 3rd period - Stopped by Marc-Andre Fleury without a rebound.
10:37 of 3rd period - Ivan Barbashev wins face-off versus Derek Ryan in BlackHawks zone.
10:37 of 3rd period - Kirill Kaprizov is hit by Timothy Liljegren and loses puck.
10:58 of 3rd period - Jonas Brodin is hit by Kirill Kaprizov and loses puck.
11:05 of 3rd period - Shot by Kirill Kaprizov.
11:05 of 3rd period - Shot Misses the Net.
11:07 of 3rd period - Shot by Ivan Barbashev.
11:07 of 3rd period - Stopped by John Gibson with a rebound.
11:12 of 3rd period - Ivan Barbashev is hit by Rasmus Ristolainen and loses puck.
11:18 of 3rd period - Icing by Jonas Brodin.
11:19 of 3rd period - Derek Ryan wins face-off versus Sonny Milano in Kings zone.
11:27 of 3rd period - Timothy Liljegren is hit by Braden Schneider and loses puck.
11:50 of 3rd period - Shot by Anders Lee.
11:50 of 3rd period - Stopped by John Gibson without a rebound.
11:51 of 3rd period - Matt Duchene wins face-off versus Jaden Schwartz in Kings zone.
11:51 of 3rd period - Matt Duchene is hit by Jaden Schwartz.
12:23 of 3rd period - Shot by Justin Braun.
12:23 of 3rd period - Stopped by John Gibson without a rebound.
12:24 of 3rd period - Nic Dowd wins face-off versus Ivan Barbashev in Kings zone.
12:33 of 3rd period - Shot by Nic Dowd.
12:33 of 3rd period - Stopped by Marc-Andre Fleury without a rebound.
12:34 of 3rd period - Jeff Carter wins face-off versus Sonny Milano in BlackHawks zone.
12:38 of 3rd period - Shot by Evander Kane.
12:38 of 3rd period - Deflect By Jeff Carter.
12:38 of 3rd period - Stopped by Marc-Andre Fleury with a rebound.
12:43 of 3rd period - Icing by Nick Leddy.
12:44 of 3rd period - Matt Duchene wins face-off versus Sonny Milano in BlackHawks zone.
12:49 of 3rd period - Shot by Vladimir Tarasenko.
12:49 of 3rd period - Stopped by Marc-Andre Fleury without a rebound.
12:50 of 3rd period - Ivan Barbashev wins face-off versus Nic Dowd in BlackHawks zone.
12:54 of 3rd period - Off-side.
12:55 of 3rd period - Matt Duchene wins face-off versus Ivan Barbashev in neutral zone.
13:06 of 3rd period - Shot by Vladimir Tarasenko.
13:06 of 3rd period - Stopped by Marc-Andre Fleury without a rebound.
13:07 of 3rd period - Nic Dowd wins face-off versus Sonny Milano in BlackHawks zone.
13:37 of 3rd period - Icing by Sonny Milano.
13:38 of 3rd period - Sonny Milano wins face-off versus Matt Duchene in BlackHawks zone.
14:06 of 3rd period - Shot by Brandon Saad.
14:06 of 3rd period - Shot Misses the Net.
14:08 of 3rd period - Shot by Brandon Saad.
14:08 of 3rd period - Shot Blocked by Braden Schneider.
14:10 of 3rd period - Shot by Vladimir Tarasenko.
14:10 of 3rd period - Shot Misses the Net.
14:12 of 3rd period - Shot by Jonas Brodin.
14:12 of 3rd period - Shot Blocked by Anders Lee.
14:14 of 3rd period - Shot by Brandon Saad.
14:14 of 3rd period - Shot Misses the Net.
14:16 of 3rd period - Shot by Brandon Saad.
14:16 of 3rd period - Shot Blocked by Marc-Edouard Vlasic.
14:50 of 3rd period - Icing by Joel Edmundson.
14:51 of 3rd period - Jeff Carter wins face-off versus Ivan Barbashev in Kings zone.
15:14 of 3rd period - Shot by Kirill Kaprizov.
15:14 of 3rd period - Shot Blocked by Evander Kane.
15:47 of 3rd period - Icing by Conor Sheary.
15:48 of 3rd period - Nic Dowd wins face-off versus Jaden Schwartz in Kings zone.
15:48 of 3rd period - Nic Dowd is hit by Jordan Martinook.
15:54 of 3rd period - Zach Bogosian is hit by Cole Sillinger and loses puck.
16:23 of 3rd period - Shot by Nic Dowd.
16:23 of 3rd period - Stopped by Marc-Andre Fleury with a rebound.
16:25 of 3rd period - Shot by Mattias Ekholm.
16:25 of 3rd period - Stopped by Marc-Andre Fleury without a rebound.
16:26 of 3rd period - Matt Duchene wins face-off versus Nick Ritchie in BlackHawks zone.
16:47 of 3rd period - Shot by Vladimir Tarasenko.
16:47 of 3rd period - Shot Misses the Net.
17:31 of 3rd period - Nick Leddy is hit by Evander Kane and loses puck.
18:04 of 3rd period - Kirill Kaprizov is hit by Joel Edmundson and loses puck.
19:37 of 3rd period - Shot by Kirill Kaprizov.
19:37 of 3rd period - Stopped by John Gibson without a rebound.
19:38 of 3rd period - Derek Ryan wins face-off versus Jaden Schwartz in Kings zone.
19:38 of 3rd period - Derek Ryan is hit by Jaden Schwartz.
19:54 of 3rd period - Shot by Tyler Motte.
19:54 of 3rd period - Shot Misses the Net.
19:56 of 3rd period - Shot by Jonas Brodin.
19:56 of 3rd period - Shot Misses the Net.
Goals for this period are 0 for BlackHawks vs 0 for Kings.
Shots for this period are 7 for BlackHawks vs 15 for Kings.